 Dungeon Crawl Stone Soup version 0.17.1-2-g5865329 (webtiles) character file.

1931 PossumBlood the Archer (level 8, -6/50 HPs)
             Began as a High Elf Hunter on Jan 23, 2016.
             Killed from afar by an orc wizard (11 damage)
             ... with a puff of frost
             ... on level 7 of the Dungeon.
             The game lasted 00:22:28 (7252 turns).

PossumBlood the Archer (High Elf Hunter)            Turns: 7252, Time: 00:22:28

Health: -6/50      AC:  4    Str: 11      XL:     8   Next: 97%
Magic:  9/9        EV: 18    Int: 13 (14) God:
Gold:   300        SH:  0    Dex: 19      Spells: 0 memorised, 7 levels left

rFire  . . .     SeeInvis .     u - +10 long sword of Xeasito {slice, -Tele rElec MR+}
rCold  . . .     Clarity  .     c - +1 leather armour
rNeg   . . .     SustAt   .     (no shield)
rPois  +         Gourm    .     (no helmet)
rElec  +         Spirit   .     (no cloak)
rCorr  .         Warding  .     (no gloves)
rMut   .         NoTele   +     (no boots)
MR     +....                    (no amulet)
Stlth  ++........               j - ring of poison resistance
                                m - +2 ring of evasion

@: somewhat resistant to hostile enchantments, unstealthy
A: deterioration 1
a: no special abilities


You were on level 7 of the Dungeon.
You were not hungry.

You visited 1 branch of the dungeon, and saw 7 of its levels.

You collected 300 gold pieces.

Inventory:

Hand Weapons
 a - a +1 shortbow
 u - the +10 long sword of Xeasito (weapon) {slice, -Tele rElec MR+}
   (You found it on level 5 of the Dungeon)

   It inflicts extra damage upon your enemies.
   It insulates you from electricity.
   It affects your resistance to hostile enchantments.
   It prevents most forms of teleportation.
Missiles
 d - 80 arrows
Armour
 c - a +1 leather armour (worn)
Jewellery
 j - a ring of poison resistance (right hand)
 m - a +2 ring of evasion (left hand)
 r - an uncursed ring of protection from magic
Wands
 b - a wand of fire (10)
 o - a wand of flame (42)
 p - a wand of confusion (7)
Scrolls
 g - 2 scrolls of teleportation
 h - a scroll of amnesia
Potions
 f - 2 potions of might
 i - a potion of brilliance
 k - 2 potions of heal wounds {unknown}
 q - a potion of flight
Books
 v - a Fen Folio

   Spells                             Type                      Level
   a - Corpse Rot                     Necromancy                   2
   b - Stone Arrow                    Conjuration/Earth            3
   c - Leda's Liquefaction            Hexes/Earth                  4
   d - Summon Forest                  Summoning/Translocation      5
   e - Hydra Form                     Transmutation                6
   f - Summon Hydra                   Summoning                    7
Comestibles
 e - 2 bread rations
 l - 3 meat rations


   Skills:
 - Level 2.0 Fighting
 - Level 14.1 Bows
 + Level 5.7 Dodging
 - Level 1.1 Stealth


You had 7 spell levels left.
You didn't know any spells.

Dungeon Overview and Level Annotations

Branches:
Dungeon (7/15)
 Temple: D:4-7

Altars:
Ashenzari
Dithmenos
Gozag
Makhleb
Ru
Sif Muna
Trog

Shops:
D:7 %


Innate Abilities, Weirdness & Mutations

Your body sometimes deteriorates upon taking damage.


Message History

* * * LOW HITPOINT WARNING * * *
You are too injured to fight recklessly!
You are too injured to fight recklessly!
You are too injured to fight recklessly!
You are too injured to fight recklessly!
Read which item? (? for menu, Esc to quit)
You cannot teleport because you are wielding the +10 long sword of Xeasito {slice, -Tele rElec MR+}.
The orc wizard points at you and mumbles some strange words.
The puff of frost hits you!
* * * LOW HITPOINT WARNING * * *
Your body deteriorates!
You feel dopey. The orc wizard casts a spell at you. The magic dart hits you!
* * * LOW HITPOINT WARNING * * *
The orc wizard closely misses you.
The orc wizard casts a cantrip, but nothing happens.
The orc wizard casts a cantrip, but nothing happens.
The orc wizard casts a spell at you. The puff of frost hits you!
You die...

### ..# ..# ..+ (.##########
...........######################
...........'....@.o.ooo...(......
#..........###############(......
#..........# (###### #..........#
(( #..........# (#( #..........#
.#.# #..........# (# #
############ .#


You could see an orc warrior, an orc priest, an orc wizard and an orc.

Vanquished Creatures
  The ghost of Poody the Basher, a novice OgBe of Trog (D:6)
  A sky beast (D:5)
  2 phantoms
  3 ogres
  2 giant frogs
  2 scorpions
  3 jellies
  A centaur zombie (D:5)
  2 orc wizards
  4 crimson imps
  3 orc priests
  A worker ant (D:4)
  2 hound skeletons
  8 gnolls
  5 adders
  A shadow imp (D:5)
  A white imp (D:4)
  An ooze (D:6)
  3 worms (D:2)
  3 giant geckos
  16 orcs
  2 giant cockroaches
  4 hobgoblins
  7 jackals
  7 kobolds
  A quokka (D:6)
  2 ball pythons
  A giant gecko skeleton (D:4)
  7 giant newts
  5 goblins
  A jackal skeleton (D:4)
  13 rats
115 creatures vanquished.

Notes
Turn   | Place    | Note
--------------------------------------------------------------
     0 | D:1      | PossumBlood the High Elf Hunter began the quest for the Orb.
     0 | D:1      | Reached XP level 1. HP: 14/14 MP: 2/2
   333 | D:1      | Reached XP level 2. HP: 17/19 MP: 3/3
   682 | D:1      | Reached skill level 6 in Bows
  1668 | D:2      | Reached XP level 3. HP: 16/24 MP: 4/4
  2310 | D:2      | Reached skill level 7 in Bows
  2629 | D:2      | Reached XP level 4. HP: 29/29 MP: 5/5
  2724 | D:3      | Found a bloodstained altar of Trog.
  2855 | D:3      | Reached skill level 8 in Bows
  2863 | D:3      | Reached XP level 5. HP: 4/34 MP: 6/6
  3161 | D:3      | Found a burning altar of Makhleb.
  3515 | D:4      | Noticed a phantom
  3566 | D:4      | Killed a phantom
  3566 | D:4      | Reached skill level 9 in Bows
  3566 | D:4      | Reached XP level 6. HP: 13/39 MP: 7/7
  3923 | D:4      | Reached skill level 10 in Bows
  4280 | D:4      | Noticed an ogre
  4292 | D:4      | Killed an ogre
  4292 | D:4      | Reached skill level 11 in Bows
  4292 | D:4      | Reached XP level 7. HP: 45/45 MP: 8/8
  4589 | D:5      | Entered Level 5 of the Dungeon
  4641 | D:5      | Got a sapphire long sword
  4642 | D:5      | Identified the +10 long sword of Xeasito {slice, -Tele rElec MR+} (You found it on level 5 of the Dungeon)
  4710 | D:5      | Gained mutation: Your body sometimes deteriorates upon taking damage. [mutagenic meat]
  5014 | D:5      | Found a sacrificial altar of Ru.
  5095 | D:5      | Found a deep blue altar of Sif Muna.
  5103 | D:5      | Found a shadowy altar of Dithmenos.
  5103 | D:5      | Found an opulent altar of Gozag.
  5451 | D:6      | Reached skill level 12 in Bows
  5574 | D:6      | Noticed Poody's ghost (novice OgBe)
  5590 | D:6      | Killed Poody's ghost
  5590 | D:6      | Reached skill level 13 in Bows
  5590 | D:6      | Reached XP level 8. HP: 14/50 MP: 9/9
  5884 | D:6      | Reached skill level 14 in Bows
  6088 | D:6      | Found a shattered altar of Ashenzari.
  6967 | D:7      | Found Gotiudwomiu's Food Shoppe.
  6973 | D:7      | Reached skill level 5 in Dodging
  7252 | D:7      | Killed from afar by an orc wizard

Action                   |  1- 3 |  4- 6 |  7- 9 || total
-------------------------+-------+-------+-------++-------
Melee: Short sword       |    79 |    15 |       ||    94
       Long sword        |       |       |    58 ||    58
 Fire: Shortbow          |    53 |   184 |   149 ||   386
  Use: Scroll            |     4 |     8 |     3 ||    15
       Potion            |       |     2 |     1 ||     3
 Stab: Sleeping          |       |       |     2 ||     2
  Eat: Beef jerky        |     1 |       |       ||     1
       Bread ration      |     1 |       |     2 ||     3
       Pizza             |       |     1 |       ||     1
       Royal jelly       |       |     2 |       ||     2
       Chunk             |       |       |     1 ||     1
